 Dungeon Crawl Stone Soup version 0.22.1-1-ga44c0e5 (webtiles) character file.

649 Ghost6211 the Shield-Bearer (level 7, -8/62 HPs)
             Began as a Minotaur Fighter on Sept 26, 2018.
             Mangled by an ogre
             ... wielding a +0 giant club
              (16 damage)
             ... on level 4 of the Dungeon.
             The game lasted 00:06:05 (3254 turns).

Ghost6211 the Shield-Bearer (Minotaur Fighter)      Turns: 3254, Time: 00:06:06

Health: -8/62      AC: 11    Str: 22    XL:     7   Next: 28%
Magic:  6/6        EV:  5    Int:  5    God:
Gold:   249        SH: 11    Dex: 10    Spells: 6/6 levels left

rFire    + . .     SeeInvis .   a - +0 flail
rCold    . . .     Gourm    .   c - +0 shield
rNeg     . . .     Faith    .   m - +0 plate armour
rPois    .         Spirit   .   (helmet restricted)
rElec    .         Reflect  .   (no cloak)
rCorr    .         Harm     .   (no gloves)
MR       .....                  (no boots)
Stlth    ..........             (no amulet)
HPRegen  0.20/turn              o - ring of protection from fire
MPRegen  0.10/turn              (no ring)

@: flying
A: retaliatory headbutt, horns 2
a: no special abilities


You were on level 4 of the Dungeon.
You were not hungry.

You visited 1 branch of the dungeon, and saw 4 of its levels.

You collected 249 gold pieces.

Inventory:

Hand Weapons
 a - a +0 flail (weapon)
Missiles
 g - 160 stones (quivered)
Armour
 b - a +0 scale mail
 c - a +0 shield (worn)
 m - a +0 plate armour (worn)
Jewellery
 o - a ring of protection from fire (left hand)
 s - an uncursed ring of fire {unknown}
Wands
 d - a wand of flame (29)
Scrolls
 e - 3 scrolls of teleportation
 h - 3 scrolls of amnesia {unknown}
 i - 2 scrolls of identify
 j - 2 scrolls of remove curse {unknown}
 l - 2 scrolls of magic mapping {unknown}
 n - a scroll of noise {unknown}
 r - 2 scrolls of enchant armour {unknown}
Potions
 k - a potion of lignification {unknown}
 p - a potion of flight
 q - a potion of degeneration {unknown}
 t - a potion of magic {unknown}
Comestibles
 f - 5 rations


   Skills:
 + Level 5.9 Fighting
 + Level 5.3 Maces & Flails
 - Level 3.6 Armour
 * Level 7.7 Shields


You had 6 spell levels left.
You didn't know any spells.
Your spell library was empty.

Dungeon Overview and Level Annotations

Branches:
Dungeon (4/15)
 Temple: D:4-7

Altars:
The Shining One

Annotations:
D:4 1 runed door


Innate Abilities, Weirdness & Mutations

You reflexively headbutt those who attack you in melee.
You have a pair of horns on your head.


Message History

The ogre hits you but does no damage. The gnoll hits you but does no damage.
You hit the ogre.
The ogre is moderately wounded.
You block the ogre's attack.
The gnoll hits you from afar with a spear.
You closely miss the ogre.
The ogre is moderately wounded.
You block the gnoll's attack. The ogre hits you with a giant club!
* * * LOW HITPOINT WARNING * * *
You hit the ogre. You headbutt the ogre.
The ogre is heavily wounded.
The gnoll hits you but does no damage. You block the ogre's attack.
You hit the ogre but do no damage.
The ogre is heavily wounded.
The gnoll hits you but does no damage. The ogre hits you with a giant club.
* * * LOW HITPOINT WARNING * * *
It was a potion of flight.
You feel very buoyant.
You fly up into the air.
The ogre hits you with a giant club!
You die...

#≈.)♣[.≈#
#≈.♣♣♣.≈#
#≈..♣..≈#
#≈≈...≈≈#
#≈≈≈.≈≈≈#
####'#### #.#
####
#.#########....##
#..@Og.gg.g......
##########.....#.
.##### .# .# .#
.. ##


You could see an ogre, a gnoll shaman and 3 gnolls.

Vanquished Creatures
  Edmund (D:4)
  A sky beast (D:4)
  An ogre (D:4)
  A hound (D:4)
  2 orc priests
  2 orc wizards (D:4)
  Terence (D:3)
  6 adders (D:2)
  2 worms
  2 leopard geckos
  12 orcs
  2 ball pythons
  9 giant cockroaches
  9 hobgoblins
  8 jackals
  12 kobolds
  A quokka (D:3)
  6 bats
  5 frilled lizards
  9 goblins
  18 rats
110 creatures vanquished.

Notes
Turn   | Place    | Note
-------+----------+-------------------------------------------
     0 | D:1      | Ghost6211 the Minotaur Fighter began the quest for the Orb.
     0 | D:1      | Reached XP level 1. HP: 19/19 MP: 0/0
    95 | D:1      | Reached skill level 4 in Shields
   114 | D:1      | Reached XP level 2. HP: 25/27 MP: 1/1
   296 | D:1      | Found a glowing golden altar of the Shining One.
   668 | D:2      | Reached XP level 3. HP: 31/33 MP: 2/2
   901 | D:2      | Reached skill level 5 in Shields
   901 | D:2      | Reached XP level 4. HP: 40/40 MP: 3/3
  1173 | D:3      | HP: 2/41 [orc priest/divine providence (15)]
  1484 | D:3      | Reached XP level 5. HP: 7/47 MP: 4/4
  2330 | D:3      | Noticed Terence
  2335 | D:3      | Killed Terence
  2335 | D:3      | Reached skill level 6 in Shields
  2666 | D:4      | Reached skill level 5 in Fighting
  2698 | D:4      | Noticed Edmund
  2702 | D:4      | Noticed an ogre
  2717 | D:4      | Killed Edmund
  2717 | D:4      | Reached XP level 6. HP: 43/56 MP: 5/5
  2719 | D:4      | Reached skill level 7 in Shields
  2723 | D:4      | Noticed a sky beast
  2732 | D:4      | Killed a sky beast
  2732 | D:4      | Reached skill level 5 in Maces & Flails
  2732 | D:4      | Reached XP level 7. HP: 52/62 MP: 6/6
  2824 | D:4      | Found a runed door.
  3254 | D:4      | Mangled by an ogre

Skill      XL: |  1  2  3  4  5  6 |
---------------+-------------------+-----
Shields        | 4 5 6 7 |  7.7
Fighting       | 4 5 |  5.9
Maces & Flails | 3 4 5 |  5.3
Armour         | |  3.6

Action                   |  1- 3 |  4- 6 |  7- 9 || total
-------------------------+-------+-------+-------++-------
Melee: Flail             |    92 |   164 |    44 ||   300
       Headbutt          |    15 |    30 |     6 ||    51
  Use: Scroll            |     1 |     2 |       ||     3
       Potion            |       |     1 |     1 ||     2
  Eat: Ration            |       |     2 |     1 ||     3
Armor: Scale mail        |    28 |       |       ||    28
       Plate armour      |    19 |    87 |    19 ||   125
Dodge: Dodged            |    27 |    26 |     4 ||    57
Block: Shield            |    43 |    85 |    21 ||   149
